Map: Submarine LE

Players

PROMETEOXTO

  • Race: Terran Terran
  • League: Bronze
  • Spawn Location: 5:00

ViBE - Winner!

  • Race: Zerg Zerg
  • League: Bronze
  • Spawn Location: 11:00

VOD

https://www.youtube.com/watch?v=VjhJ7E-kFgw&list=PLFeZeom2b4DnD3FIu7pzkXl51JX_WWz2h&index=2

Description

Time

  • Played on: March 10, 2021, 9:52 p.m.
  • Length: 18:44
Show
View Real Time Build Order
Export as new Build Order

PROMETEOXTO Terran 

Build Orders:  

Get SALT Encoding   

  12  0:01  SCV  
  13  0:22  Supply Depot  
  13  0:26  SCV  
  14  0:33  Refinery  
  14  0:38  SCV  
  15  0:50  SCV  
  15  0:52  Supply Depot  
  16  0:59  Barracks  
  16  1:02  SCV  
  17  1:17  Refinery, SCV  
  18  1:29  Supply Depot, SCV  
  19  1:42  SCV  
  20  1:47  Marine  
  21  1:54  Factory  
  21  2:03  Supply Depot  
  21  2:10  Marine  
  21  2:14  Orbital Command  
  22  2:30  Supply Depot  
  22  2:38  Marine  
  22  2:41  Factory Tech Lab  
  23  2:48  Starport  
  23  2:53  SCV  
  24  3:01  Barracks Reactor  
  24  3:05  SCV  
  25  3:18  SCV  
  25  3:19  Siege Tank  
  29  3:27  Starport Reactor  
  29  3:40  Marine x2  
  31  3:41  Barracks  
  31  3:52  Siege Tank  
  34  4:12  Command Center  
  34  4:18  Refinery  
  34  4:21  Marine  
  34  4:22  Marine  
  36  4:25  Medivac x2  
  36  4:29  Siege Tank  
  43  4:36  Barracks Tech Lab  
  43  4:47  Engineering Bay  
  43  5:04  Marauder  
  43  5:06  Combat Shield  
  45  5:13  Engineering Bay  
  45  5:22  Viking  
  45  5:25  Marauder  
  49  5:32  Orbital Command  
  49  5:37  Refinery  
  49  5:47  SCV  
  50  5:59  SCV  
  50  6:01  Marauder  
  50  6:03  Marine  
  50  6:04  Marine  
  55  6:12  SCV  
  55  6:14  Siege Tank  
  59  6:23  Marauder  
  59  6:25  Concussive Shells  
  61  6:32  SCV  
  62  6:33  SCV  
  63  6:40  Terran Infantry Weapons Level 1  
  63  6:44  Terran Infantry Armor Level 1, SCV  
  63  6:45  SCV  
  65  6:52  Armory  
  65  6:56  SCV  
  65  6:57  SCV  
  67  7:09  SCV x2  
  69  7:21  SCV  
  70  7:39  Barracks  
  70  8:01  Supply Depot  
  70  8:03  Supply Depot x2  
  70  8:04  Supply Depot  
  70  8:22  Marine x2  
  70  8:23  SCV x2, Marauder  
  76  8:27  Supply Depot x2, Siege Tank  
  76  8:32  Viking  
  76  8:33  Viking  
  83  8:35  SCV x2  
  83  8:40  Marine x2  
  87  8:42  Terran Infantry Weapons Level 2  
  87  8:44  Marauder  
  87  8:47  SCV x2  
  87  8:48  Terran Infantry Armor Level 2  
  91  8:58  Marine x2  
  91  8:59  SCV, Siege Tank  
  77  9:02  Viking  
  97  9:03  Medivac  
  97  9:06  Marauder  
  103  9:10  Barracks Reactor  
  103  9:16  Marine x2  
  105  9:25  Factory  
  105  9:27  Marauder  
  107  9:34  Supply Depot  
  107  9:35  Supply Depot  
  107  9:36  Supply Depot  
  107  9:48  Marauder  
  109  9:55  Siege Tank  
  109  9:58  Supply Depot  
  112  10:01  Supply Depot x2  
  112  10:07  Medivac  
  112  10:09  Medivac  
  116  10:15  Factory Reactor  
  116  10:23  Supply Depot  
  116  10:25  Marauder  
  116  10:26  Marine x2  
  116  10:27  Marine x2, Siege Tank  
  125  10:37  Viking  
  125  10:39  Viking  
  129  10:44  Marine x2  
  129  10:45  Marine x2  
  129  10:46  Marauder  
  135  10:56  Widow Mine x2  
  139  10:59  Siege Tank  
  139  11:02  Marine x3  
  139  11:03  Marine  
  139  11:04  Neosteel Armor  
  146  11:08  Marauder  
  148  11:18  Widow Mine x2  
  152  11:20  Marine  
  153  11:29  Marauder  
  155  11:39  Widow Mine x2  
  159  11:42  Viking x2  
  163  11:50  Marauder  
  165  11:54  Marine  
  165  11:55  Marine x3  
  165  12:00  Widow Mine  
  165  12:01  Widow Mine  
  173  12:12  Marine  
  174  13:15  Supply Depot x2  
  174  13:20  Supply Depot  
  174  13:21  Supply Depot  
  174  13:22  Supply Depot  
  174  13:23  Supply Depot  
  174  13:36  Marine x2, Siege Tank  
  174  13:37  Marine, Viking x2, Widow Mine x2, Marauder  
  190  13:42  Marine  
  190  13:47  Command Center  
  191  13:54  Marine x3  
  194  13:58  Widow Mine x2, Marauder  
  101  16:31  Planetary Fortress  
  94  16:37  Refinery  
  63  17:00  Barracks Reactor  
  63  17:03  Widow Mine x2  
  63  17:06  Siege Tank  
  70  17:24  Widow Mine  
  70  17:25  Widow Mine  
  74  17:35  Marauder  
  76  17:37  Marine x4  
  76  17:38  Siege Tank  
  83  17:46  Widow Mine x2  
  87  17:55  Marine x4  
  87  17:56  Marauder  
  89  18:07  Widow Mine x2  
  89  18:11  Siege Tank  
  85  18:12  Marine  
  85  18:13  Marine x3  
  85  18:18  Marauder  
Show
View Real Time Build Order
Export as new Build Order

ViBE Zerg - Winner!

Build Orders: Hatch First 

Get SALT Encoding   

  12  0:03  Drone  
  13  0:17  Overlord  
  13  0:21  Drone  
  14  0:37  Drone  
  14  0:38  Drone  
  16  0:45  Drone  
  17  0:56  Hatchery  
  16  1:04  Drone x2  
  18  1:17  Spawning Pool  
  17  1:28  Drone x2  
  19  1:37  Drone  
  20  1:43  Extractor  
  19  1:47  Drone  
  20  1:57  Overlord  
  20  2:15  Queen  
  20  2:16  Queen  
  24  2:23  Drone x4  
  28  2:41  Overlord  
  28  2:45  Drone x3  
  31  2:52  Drone x2  
  31  2:55  Queen  
  35  2:58  Lair  
  35  3:05  Overlord  
  35  3:08  Drone  
  36  3:20  Overlord  
  36  3:29  Drone  
  36  3:30  Drone x5  
  42  3:38  Overlord  
  42  3:42  Drone x4  
  42  3:48  Roach Warren  
  45  3:53  Evolution Chamber  
  45  3:54  Evolution Chamber  
  43  4:00  Extractor x2  
  43  4:02  Drone x3  
  44  4:09  Drone x4  
  48  4:31  Hatchery, Roach  
  47  4:32  Roach x4  
  47  4:34  Roach  
  59  4:40  Glial Reconstitution  
  59  4:42  Zerg Missile Weapons Level 1  
  59  4:45  Overlord x2  
  59  4:57  Queen  
  59  4:59  Drone x7  
  68  5:20  Drone x2  
  70  5:23  Drone  
  70  5:24  Drone  
  72  5:33  Overlord x2  
  72  5:44  Drone x5  
  72  5:45  Drone  
  78  5:51  Drone  
  79  5:58  Hydralisk Den  
  79  6:03  Drone x3  
  81  6:11  Extractor  
  81  6:12  Extractor  
  79  6:19  Extractor, Hatchery  
  79  6:20  Drone x2  
  79  6:21  Drone  
  79  6:24  Drone x2  
  79  6:25  Drone  
  83  6:27  Drone x3  
  86  6:33  Hydralisk  
  86  6:34  Hydralisk x4  
  86  6:37  Grooved Spines  
  86  6:39  Zerg Missile Weapons Level 2  
  96  6:41  Zerg Ground Armor Level 1  
  96  7:06  Overlord x3  
  96  7:08  Hydralisk x5  
  106  7:49  Muscular Augments  
  106  7:54  Hydralisk x7  
  120  8:13  Drone x16  
  136  8:21  Overlord x2  
  136  8:22  Overlord x4  
  136  8:48  Infestation Pit  
  136  8:53  Extractor  
  136  8:55  Extractor  
  133  9:08  Overlord x2  
  133  9:09  Overlord  
  133  9:10  Hydralisk x12  
  133  9:11  Hydralisk x4  
  133  9:15  Zerg Ground Armor Level 2  
  165  9:18  Hatchery  
  164  9:56  Hydralisk x2  
  168  10:00  Hive  
  168  10:58  Hydralisk x3  
  168  10:59  Hydralisk x13  
  200  11:53  Zerg Missile Weapons Level 3  
  200  11:54  Zerg Ground Armor Level 3  
  196  12:22  Hatchery  
  125  14:56  Hydralisk x8  
  125  14:57  Hydralisk x29  
  125  14:58  Hydralisk x14  
  187  15:20  Hydralisk x6  
  199  15:41  Extractor x2  
  193  15:49  Drone x13  
  180  15:59  Hydralisk x9  
  180  16:00  Hydralisk x3  
  180  16:01  Hydralisk  
  186  16:05  Hydralisk x9  
  186  16:06  Hydralisk x2  
  143  16:28  Hydralisk x12  
  143  16:29  Hydralisk x9  
  157  16:46  Hydralisk  
  155  16:47  Hydralisk x12  
  181  16:59  Hatchery  
  180  17:02  Hatchery  
  180  17:04  Hatchery  
  180  17:06  Hatchery  
  180  17:07  Hatchery  
  176  17:23  Hydralisk x10  
  176  17:27  Hydralisk x2  
  190  18:25  Drone x9  
  190  18:26  Drone x3  
  192  18:36  Extractor  
  192  18:38  Extractor  
Tags
 
Matchup
TvZ
Player
ViBE
Replay Pack
Bronze_League
Spawn Locations
Cross Positions
Add a new tag
Caveats
  • Supply blocks, unpowered buildings, or Contaminate may cause inaccurate times.
  • Supply counts are checked every 10 seconds.